 Dungeon Crawl Stone Soup version 0.27.1-34-g3ba077fa99 (webtiles) character file.

Game seed: 18213724512994683206

37046 shadowrider38 the Brawler (level 13, 0/139 HPs)
             Began as a Troll Hunter on Jan 5, 2022.
             Was the Champion of Okawaru.
             Slain by a ten-headed hydra (14 damage)
             ... on level 4 of the Lair of Beasts.
             The game lasted 00:45:14 (15447 turns).

shadowrider38 the Brawler (Troll Hunter)           Turns: 15447, Time: 00:45:15

Health: 0/139      AC: 11    Str: 27    XL:     13   Next: 56%
Magic:  0/12       EV: 11    Int:  8    God:    Okawaru [******]
Gold:   1761       SH:  9    Dex: 12    Spells: 12/12 levels left

rFire    + + .     SeeInvis +     - Unarmed
rCold    + . .     Faith    .   h - -3 kite shield of Okawaru's Vengeance {Drain rF++ Int+3 SInv}
rNeg     . . .     Spirit   +   Y - +0 troll leather armour
rPois    .         Reflect  .   L - +1 hat {Will+}
rElec    .         Harm     +   z - +0 cloak
rCorr    .         Rampage  .   (gloves unavailable)
Will     ++...                  (boots unavailable)
Stlth    +++.......             t - amulet "Otaywara" {Spirit Harm rC+ Dex+2}
HPRegen  2.33/turn              f - ring of willpower
MPRegen  0.13/turn              a - +4 ring of protection

@: heroic, hasted, studying Air Magic, very quick
A: large, unfitting armour, claws 3, regeneration 1, shaggy fur 1, tough skin 1,
deformed body, dopey 1
a: Renounce Religion, Heroism, Finesse


You were on level 4 of the Lair of Beasts.
You worshipped Okawaru.
Okawaru was exalted by your worship.
You visited 3 branches of the dungeon, and saw 17 of its levels.
You visited the Abyss 1 time.
You also visited: Bailey and Gauntlet.

You collected 1761 gold pieces.

Inventory:

Hand Weapons
 I - a +4 broad axe
 Z - the +6 falchion of Yriad {freeze, rC+}
   (You found it on level 11 of the Dungeon)

   It freezes those it strikes, dealing additional cold damage.
   It can also slow down cold-blooded creatures.
   rC:        It protects you from cold.
Missiles
 b - 2 curare-tipped darts
 c - 10 large rocks (quivered)
 d - 6 throwing nets
 j - 50 poisoned darts
 y - 18 silver javelins
 O - 2 boomerangs
 Q - 11 javelins
Armour
 h - the -3 kite shield of Okawaru's Vengeance (worn) {Drain rF++ Int+3 SInv}
   (Okawaru gifted it to you on level 11 of the Dungeon)

   Int:       It affects your intelligence (+3).
   rF:        It greatly protects you from fire.
   SInv:      It lets you see invisible.
   Drain:     It drains your maximum health when unequipped.
 z - a +0 cloak (worn)
 L - a +1 hat of willpower (worn)
 Y - a +0 troll leather armour (worn)
Jewellery
 a - a +4 ring of protection (right claw)
 f - a ring of willpower (left claw)
 r - a ring of protection from cold
 t - the amulet "Otaywara" (around neck) {Spirit Harm rC+ Dex+2}
   (You found it in a Gauntlet)

   [amulet of guardian spirit]

   It causes incoming damage to be divided between your reserves of health and
   magic.
   Dex:       It affects your dexterity (+2).
   rC:        It protects you from cold.
   Harm:      It increases damage dealt and taken.
 G - a ring of protection from fire
 V - a +6 ring of strength
Wands
 e - a wand of iceblast (27)
 p - a wand of digging (23)
 q - a wand of flame (8)
 B - a wand of paralysis (16)
 E - a wand of polymorph (12)
 M - a wand of mindburst (39)
 U - a wand of charming (9)
Scrolls
 g - 6 scrolls of teleportation {unknown}
 i - 2 scrolls of magic mapping {unknown}
 l - 3 scrolls of enchant weapon {unknown}
 m - 5 scrolls of blinking {unknown}
 u - 3 scrolls of immolation {unknown}
 x - a scroll of fog {unknown}
 A - 3 scrolls of brand weapon {unknown}
 F - a scroll of torment {unknown}
 H - a scroll of vulnerability {unknown}
 J - 2 scrolls of enchant armour {unknown}
 K - 5 scrolls of holy word {unknown}
 P - 2 scrolls of noise {unknown}
 W - a scroll of fear
 X - 2 scrolls of silence {unknown}
Potions
 k - a potion of invisibility
 n - 2 potions of cancellation
 o - 5 potions of heal wounds
 s - 6 potions of lignification
 v - 2 potions of might
 w - 3 potions of attraction
 C - 3 potions of curing
 D - 4 potions of flight
 R - 2 potions of mutation
 T - a potion of resistance
Miscellaneous
 S - a tin of tremorstones (2/2)


   Skills:
 - Level 11.6(16.6) Fighting
 - Level 8.2(13.2) Throwing
 - Level 1.5(6.5) Dodging
 - Level 0.3(5.3) Stealth
 + Level 4.4(9.4) Shields
 + Level 15.8(20.8) Unarmed Combat


You had 12 spell levels left.
You didn't know any spells.
Your spell library contained the following spells:

 Spells                   Type           Power      Damage    Failure   Level
 Foxfire                  Conj/Fire      0%         2x1d4     43%         1
 Magic Dart               Conj           0%         1d3       43%         1
 Summon Small Mammal      Summ           0%         N/A       43%         1
 Call Imp                 Summ           0%         N/A       58%         2
 Ensorcelled Hibernation  Hex/Ice        0%         N/A       58%         2
 Slow                     Hex            0%         N/A       58%         2
 Call Canine Familiar     Summ           0%         N/A       82%         3
 Confusing Touch          Hex            0%         N/A       82%         3
 Conjure Flame            Conj/Fire      0%         6-21      82%         3
 Dazzling Flash           Conj/Hex       0%         N/A       82%         3
 Inner Flame              Hex/Fire       0%         N/A       82%         3
 Mephitic Cloud           Conj/Pois/Air  0%         N/A       82%         3
 Spider Form              Tmut/Pois      0%         N/A       82%         3
 Stone Arrow              Conj/Erth      0%         3d7       82%         3
 Summon Guardian Golem    Hex/Summ       0%         N/A       82%         3
 Animate Armour           Summ/Erth      0%         N/A       99%         4
 Hailstorm                Conj/Ice       0%         3d3       99%         4
 Ice Form                 Ice/Tmut       0%         N/A       99%         4
 Iskenderun's Mystic Bla  Conj/Tloc      0%         2d3       99%         4
 Olgreb's Toxic Radiance  Pois           0%         N/A       99%         4
 Agony                    Necr           0%         N/A       100%        5
 Silence                  Hex/Air        0%         N/A       100%        5
 Summon Forest            Summ/Tloc      0%         N/A       100%        5
 Summon Mana Viper        Hex/Summ       0%         N/A       100%        5
 Yara's Violent Unravell  Hex/Tmut       0%         3d3       100%        5
 Shadow Creatures         Summ           N/A        N/A       100%        6
 Simulacrum               Ice/Necr       0%         N/A       100%        6
 Starburst                Conj/Fire      0%         6d3       100%        6
 Ozocubu's Refrigeration  Ice            0%         4d5       100%        7
 Ignition                 Fire           0%         3d3       100%        8
 Lehudib's Crystal Spear  Conj/Erth      0%         10d2      100%        8


Dungeon Overview and Level Annotations

Branches:
Dungeon (12/15)            Temple (1/1) D:4            Lair (4/6) D:9
 Shoals (0/4) Lair:2        Snake (0/4) Lair:3          Orc (0/2) D:9
 Bailey (visited)         Gauntlet (visited)

Altars:
Ashenzari
Cheibriados
Dithmenos
Elyvilon
Fedhas
Gozag
Hepliaklqana
Kikubaaqudgha
Makhleb
Nemelex Xobeh
Okawaru
Qazlal
Ru
Sif Muna
Trog
Uskayaw
Vehumet
Wu Jian
Xom
Yredelemnul
Zin
The Shining One
Beogh

Shops:
D:9 *

Annotations:
D:7 Violens's ghost, novice MiFi


Innate Abilities, Weirdness & Mutations

You are too large for most types of armour.
You have claws for hands.
Your natural rate of healing is unusually fast.
You are covered in fur. (AC +1)
You have tough skin. (AC +1)
Armour fits poorly on your strangely shaped body.
You are dopey. (Int -2)


Message History

The ten-headed hydra bites you!
* * * LOW HITPOINT WARNING * * *
The ten-headed hydra completely misses you.
The ten-headed hydra misses you. The ten-headed hydra bites you.
* * * LOW HITPOINT WARNING * * *
The ten-headed hydra barely misses you.
The ten-headed hydra bites you but does no damage.
You block the ten-headed hydra's attack.
The ten-headed hydra bites you but does no damage.
The ten-headed hydra closely misses you.
Okay, then.
You feel much better.
The ten-headed hydra bites you but does no damage.
The ten-headed hydra bites you. The ten-headed hydra barely misses you.
The ten-headed hydra bites you but does no damage.
The ten-headed hydra misses you. The ten-headed hydra bites you!
You block the ten-headed hydra's attack.
The ten-headed hydra barely misses you. The ten-headed hydra bites you!
* * * LOW HITPOINT WARNING * * *
The ten-headed hydra bites you.
* * * LOW HITPOINT WARNING * * *
You see here a blink frog corpse.
Okay, then.
Unknown command.
You feel yourself speed up.
The ten-headed hydra bites you but does no damage.
The ten-headed hydra bites you.
* * * LOW HITPOINT WARNING * * *
The ten-headed hydra bites you!
* * * LOW HITPOINT WARNING * * *
The ten-headed hydra bites you but does no damage.
The ten-headed hydra barely misses you.
You block the ten-headed hydra's attack.
The ten-headed hydra bites you.
* * * LOW HITPOINT WARNING * * *
The ten-headed hydra bites you!
* * * LOW HITPOINT WARNING * * *
The ten-headed hydra bites you but does no damage.
The ten-headed hydra bites you!
You die...

#...........
#...........
#P......$..
#..........
#...# #.###
#<..# ##D###
#.@# #..#
#..# #..#
#... .#.!
###... #.#.
..###


You could see a ten-headed hydra.

Vanquished Creatures
  Gastronok (Lair:1)
  A minotaur (Gauntlet)
  Fannar (D:11)
  Erolcha (D:11)
  2 boulder beetles (D:9)
  2 hydras
  A centaur warrior (D:9)
  3 two-headed ogres
  7 death yaks
  Sonja (D:11)
  A skeletal warrior (D:9)
  A necromancer (Gauntlet)
  An ugly thing (D:11)
  A shining eye (Gauntlet)
  3 cyclopes
  2 manticores
  3 black mambas
  3 cane toads
  A kobold demonologist (D:10)
  7 komodo dragons
  An ice devil (Gauntlet)
  A tengu conjurer (D:9)
  A meliai (D:9)
  A polar bear (Lair:3)
  A troll (D:11)
  A hornet (D:9)
  10 blink frogs
  A meliai zombie (D:11)
  A snapping turtle (Lair:2)
  3 wraiths
  A shadow (D:9)
  2 wyverns
  2 basilisks
  17 yaks
  A golden eye (Gauntlet)
  A vampire mosquito (D:9)
  An acid dragon (D:9)
  4 nagas (Lair:3)
  8 water moccasins
  A hornet zombie (D:7)
  A floating eye (Gauntlet)
  A black bear (D:4)
  9 orc warriors
  2 sky beasts
  4 ogres
  A necrophage (D:2)
  11 centaurs
  2 phantoms
  2 kobold brigands (D:9)
  10 bullfrogs
  2 gnoll sergeants
  2 scorpions
  7 killer bees
  9 wights
  3 howler monkeys
  5 electric eels
  6 centaur zombies
  2 hounds
  2 jellies (D:4)
  8 orc priests
  3 gnoll shamans
  A centaur skeleton (D:5)
  3 iguanas
  18 orc wizards
  A howler monkey zombie (D:9)
  24 gnolls
  3 howler monkey skeletons
  4 adders
  4 white imps (Gauntlet)
  An adder skeleton (D:4)
  3 worms
  3 dart slugs
  41 orcs
  6 bats
  11 endoplasms
  3 giant cockroaches
  7 hobgoblins
  4 jackals (D:2)
  7 kobolds
  3 quokkas
  5 ball pythons
  8 goblins
  A jackal skeleton (D:4)
  4 rats
359 creatures vanquished.

Vanquished Creatures (others)
  An orc wizard (D:9)
  14 demonic plants (Gauntlet)
  4 fungi
  15 plants
34 creatures vanquished.

Grand Total: 393 creatures vanquished

Notes
Turn   | Place    | Note
-------+----------+-------------------------------------------
     0 | D:1      | shadowrider38 the Troll Hunter began the quest for the Orb.
     0 | D:1      | Reached XP level 1. HP: 19/19 MP: 0/0
    89 | D:1      | Reached skill level 1 in Unarmed Combat
   136 | D:1      | Reached XP level 2. HP: 28/28 MP: 1/1
   293 | D:1      | Found a faded altar of an unknown god.
   576 | D:2      | Reached XP level 3. HP: 35/35 MP: 2/2
   768 | D:2      | Reached skill level 2 in Unarmed Combat
   804 | D:2      | Noticed a necrophage
   810 | D:2      | Killed a necrophage
   811 | D:2      | Reached skill level 3 in Unarmed Combat
   811 | D:2      | Reached XP level 4. HP: 35/45 MP: 3/3
  1140 | D:2      | Reached XP level 5. HP: 53/53 MP: 4/4
  2484 | D:4      | Reached skill level 4 in Unarmed Combat
  2484 | D:4      | Reached XP level 6. HP: 60/62 MP: 5/5
  2638 | D:4      | Found a staircase to the Ecumenical Temple.
  2662 | Temple   | Entered the Ecumenical Temple
  2932 | Temple   | Became a worshipper of Warmaster Okawaru
  3219 | D:4      | Reached skill level 5 in Unarmed Combat
  3219 | D:4      | Reached XP level 7. HP: 71/71 MP: 6/6
  3718 | D:5      | Entered Level 5 of the Dungeon
  3822 | D:5      | Reached skill level 5 in Fighting
  3994 | D:5      | Reached * piety under Okawaru
  4002 | D:5      | Found an opulent altar of Gozag.
  4092 | D:5      | Reached skill level 6 in Unarmed Combat
  4157 | D:5      | Reached XP level 8. HP: 76/81 MP: 7/7
  4774 | D:6      | Reached skill level 7 in Unarmed Combat
  4876 | D:6      | Reached ** piety under Okawaru
  4877 | D:6      | Reached skill level 5 in Throwing
  5255 | D:7      | Found a runed translucent gate.
  5255 | D:7      | Noticed Violens's ghost (novice MiFi)
  5256 | D:7      | Found a runed translucent gate.
  5256 | D:7      | Found a runed translucent gate.
  5375 | D:7      | Reached skill level 8 in Unarmed Combat
  5530 | D:7      | Reached XP level 9. HP: 89/89 MP: 8/8
  5789 | D:7      | Found a flagged portal.
  5798 | Bailey   | Entered a bailey
  5918 | Bailey   | Found an iron altar of Okawaru.
  6327 | D:7      | Reached *** piety under Okawaru
  6742 | D:8      | Reached skill level 9 in Unarmed Combat
  7260 | D:8      | Reached skill level 10 in Unarmed Combat
  7264 | D:8      | Reached **** piety under Okawaru
  7267 | D:8      | Reached XP level 10. HP: 62/104 MP: 9/9
  7947 | D:9      | Noticed a skeletal warrior
  7959 | D:9      | Killed a skeletal warrior
  8132 | D:9      | Cast into level 1 of the Abyss (gnoll sergeant)
  8150 | D:9      | Escaped the Abyss
  8256 | D:9      | Noticed a boulder beetle
  8350 | D:9      | Killed a boulder beetle
  8350 | D:9      | Reached ***** piety under Okawaru
  8351 | D:9      | Reached skill level 11 in Unarmed Combat
  8434 | D:9      | Found a staircase to the Orcish Mines.
  8600 | D:9      | Noticed a manticore
  8600 | D:9      | Noticed a centaur warrior
  8600 | D:9      | Noticed a boulder beetle
  8603 | D:9      | Killed a manticore
  8610 | D:9      | Killed a centaur warrior
  8632 | D:9      | Received a gift from Okawaru
  8634 | D:9      | Reached XP level 11. HP: 85/115 MP: 10/10
  8664 | D:9      | Killed a boulder beetle
  8665 | D:9      | Reached skill level 12 in Unarmed Combat
  8730 | D:9      | Noticed a two-headed ogre
  8737 | D:9      | Killed a two-headed ogre
  8737 | D:9      | Reached ****** piety under Okawaru
  8738 | D:9      | Reached skill level 10 in Fighting
  9043 | D:9      | Found a staircase to the Lair.
  9059 | D:9      | Received a gift from Okawaru
  9211 | D:9      | Found Ravug's Gadget Gallery.
  9497 | D:10     | Entered Level 10 of the Dungeon
  9810 | D:10     | Noticed a two-headed ogre
  9816 | D:10     | Killed a two-headed ogre
 10563 | D:11     | Noticed Erolcha
 10587 | D:12     | Reached skill level 13 in Unarmed Combat
 10594 | D:11     | Killed Erolcha
 10594 | D:11     | Received a gift from Okawaru
 10617 | D:11     | Noticed Sonja
 10621 | D:11     | Killed Sonja
 10655 | D:11     | Noticed Fannar
 10664 | D:11     | Killed Fannar
 10720 | D:11     | Reached XP level 12. HP: 130/130 MP: 11/11
 10923 | D:11     | Identified the -3 kite shield of Okawaru's Vengeance {Drain
                  | rF++ Int+3 SInv} (Okawaru gifted it to you on level 11 of
                  | the Dungeon)
 10923 | D:11     | Received a gift from Okawaru
 11133 | D:11     | Noticed a two-headed ogre
 11134 | D:11     | Identified the +6 falchion of Yriad {freeze, rC+}
 11404 | D:11     | Killed a two-headed ogre
 11555 | Lair:1   | Entered Level 1 of the Lair of Beasts
 11608 | Lair:1   | Reached skill level 14 in Unarmed Combat
 11626 | Lair:1   | Noticed Gastronok
 11740 | Lair:1   | Killed Gastronok
 11928 | Lair:1   | Found a gate leading to a gauntlet.
 11957 | Lair:1   | Noticed a six-headed hydra
 11968 | Lair:1   | Killed a seven-headed hydra
 12119 | Gauntlet | Entered a Gauntlet
 12119 | Gauntlet | Found a transporter.
 12134 | Gauntlet | Found a transporter.
 12145 | Gauntlet | Found a transporter.
 12150 | Gauntlet | Found a transporter.
 12171 | Gauntlet | Found a transporter.
 12184 | Gauntlet | Found a transporter.
 12192 | Gauntlet | Noticed a quicksilver ooze
 12196 | Gauntlet | Found a transporter.
 12208 | Gauntlet | Found a transporter.
 12209 | Gauntlet | Noticed a death yak
 12209 | Gauntlet | Noticed a death yak
 12209 | Gauntlet | Noticed a death yak
 12210 | Gauntlet | Noticed a death yak
 12210 | Gauntlet | Noticed a death yak
 12220 | Gauntlet | Found a transporter.
 12231 | Gauntlet | Noticed a quicksilver ooze
 12232 | Gauntlet | Found a transporter.
 12249 | Gauntlet | Found a transporter.
 12267 | Gauntlet | Found a transporter.
 12269 | Gauntlet | Found a transporter.
 12294 | Gauntlet | Found a transporter.
 12318 | Gauntlet | Found a transporter.
 12432 | Gauntlet | Found a transporter.
 12458 | Gauntlet | Found a transporter.
 12591 | Gauntlet | Found a transporter.
 12689 | Gauntlet | Gained mutation: Armour fits poorly on your strangely
                  | shaped body. [a shining eye]
 12691 | Gauntlet | Paralysed by a floating eye for 2 turns
 12697 | Gauntlet | Gained mutation: You are dopey. (Int -2) [a shining eye]
 12755 | Gauntlet | Killed a death yak
 12759 | Gauntlet | Killed a death yak
 12764 | Gauntlet | Killed a death yak
 12772 | Gauntlet | Killed a death yak
 12808 | Gauntlet | Killed a death yak
 12808 | Gauntlet | Received a gift from Okawaru
 12809 | Gauntlet | Reached XP level 13. HP: 99/139 MP: 12/12
 12836 | Gauntlet | Identified the amulet "Otaywara" {Spirit Harm rC+ Dex+2}
 12857 | Gauntlet | Noticed a minotaur
 12864 | Gauntlet | Killed a minotaur
 12865 | Gauntlet | Reached skill level 15 in Unarmed Combat
 12964 | Gauntlet | Identified the +1 cloak "Nitry" {rN+}
 13710 | Lair:2   | Reached skill level 1 in Shields
 13714 | Lair:2   | Received a gift from Okawaru
 13956 | Lair:2   | You fall into a shaft and drop 1 floor!
 13964 | Lair:3   | Found a staircase to the Snake Pit.
 13994 | Lair:3   | Identified the +6 hand axe of Hienlis {spect, rN+ Dex+4}
                  | (Okawaru gifted it to you on level 3 of the Lair of Beasts)
 13994 | Lair:3   | Received a gift from Okawaru
 15026 | Lair:2   | Found a staircase to the Shoals.
 15419 | Lair:4   | Received a gift from Okawaru
 15447 | Lair:4   | Slain by a ten-headed hydra

Illustrated notes

Levels and vault maps discovered:
D:1:      matt_arrival_los_fun, layout_rooms, basic_ecumenical_altar
D:2:      layout_loops_cross
D:3:      layout_loops_ring
D:4:      layout_loops_corners, minmay_temple_entry_mist
D:5:      layout_loops_ring, lemuel_round_altar
D:6:      layout_basic
D:7:      layout_loops_corners, enter_bailey_8, biasface_ghost_orc_armoury
D:8:      layout_basic, minivault_10
D:9:      minmay_the_grid_four_pointed_star_mashed
          [minmay_the_grid_triangle_9x9_from_above,
          minmay_the_grid_triangle_9x9_wacky_v,
          minmay_the_grid_triangle_9x9_corrupted_corridor,
          minmay_the_grid_triangle_9x9_stretched_checkered,
          minmay_the_grid_prize_trominoes], layout_loops_ring, lair_entry_dummy,
          minivault_20, hangedman_decor_points, nicolae_shop_gadgets
D:10:     layout_roguey
D:11:     layout_cave_pools, kennysheep_opposing_triangles, uniq_fannar,
          uniq_sonja, uniq_erolcha
D:12:     layout_irregular_city, uniq_snorg
Temple:   nicolae_temple_the_god_donut
Lair:1:   wander_river, layout_chaotic_city, gauntlet_entry_generic,
          small_statue_intersection, serial_bayou_lagoon_b, grunt_megastairs_3,
          uniq_gastronok
Lair:2:   layout_gridlike, minmay_shoals_entry_hut
Lair:3:   layout_misc_corridors, guppyfry_snake_entry_garden,
          lemuel_fruit_fields
Lair:4:   layout_regular_city, portal_ice_cave_entry_pillars_2,
          fungi_pond_lemuel, grunt_megastairs_2, minmay_lair_oklob_chamber

Skill      XL: |  1  2  3  4  5  6  7  8  9 10 11 12 13 |
---------------+----------------------------------------+-----
Unarmed Combat | 1 3 4 5 6 8 10 11 13 14 15 | 15.8
Fighting       | 2 3 4 5 6 7 9 11 | 11.6
Throwing       | 5 7 8 |  8.2
Shields        | 4 |  4.4
Dodging        | |  1.5
Stealth        | |  0.3

Action                   |  1- 3 |  4- 6 |  7- 9 | 10-12 | 13-15 || total
-------------------------+-------+-------+-------+-------+-------++-------
Melee: Unarmed           |    82 |   151 |   301 |   460 |   155 ||  1149
       Punch             |       |     3 |     9 |    28 |     1 ||    41
Throw: Large rock        |       |       |       |    16 |    15 ||    31
Invok: Heroism           |       |       |       |     3 |     3 ||     6
  Use: Scroll            |       |       |     7 |     7 |     2 ||    16
       Potion            |       |       |       |       |     2 ||     2
 Stab: Sleeping          |       |       |     1 |       |     1 ||     2
       Distracted        |       |       |       |     2 |       ||     2
Armor: Robe              |    34 |    40 |    55 |    94 |       ||   223
       Troll leather arm |       |       |       |    20 |    47 ||    67
Dodge: Dodged            |    37 |    67 |   180 |   180 |    43 ||   507
Block: Kite shield       |       |       |       |       |    31 ||    31
